 Dungeon Crawl Stone Soup version 0.19-a0-1268-g6c5d9f8 (webtiles) character file.

5670 Kidiri the Thaumaturge (level 10, -16/44 HPs)
             Began as a Deep Elf Fire Elementalist on Aug 30, 2016.
             Was an Initiate of Vehumet.
             Demolished by a yak (19 damage)
             ... on level 9 of the Dungeon.
             The game lasted 00:39:24 (10961 turns).

Kidiri the Thaumaturge (DEFE)                      Turns: 10961, Time: 00:39:24

Health: -16/44     AC:  7    Str:  5    XL:     10   Next: 47%
Magic:  6/27       EV: 14    Int: 26    God:    Vehumet [......]
Gold:   635        SH:  0    Dex: 17    Spells: 6 memorised, 13 levels left

rFire  . . .     SeeInvis .     t - +2 dagger (freeze)
rCold  . . .     Gourm    .     p - +3 leather armour
rNeg   . . .     Faith    .     (no shield)
rPois  .         Spirit   .     (helmet restricted)
rElec  .         Dismiss  .     (no cloak)
rCorr  .         Reflect  .     u - +1 pair of gloves
MR     +....     Harm     +     (no boots)
Stlth  ++........ Rnd*Rage +    r - amulet of harm
                                (no ring)
                                v - ring of flight (curse)

@: drained
A: horns 1, thin skeletal structure 1, berserk 1, blink, clever 1, deformed
body, frail 2
a: Blink, Renounce Religion, Evoke Flight


You were on level 9 of the Dungeon.
You worshipped Vehumet.
Vehumet was noncommittal.
You were very hungry.

You visited 2 branches of the dungeon, and saw 10 of its levels.
You also visited: Sewer and Ossuary.

You collected 747 gold pieces.
You spent 112 gold pieces at shops.

Inventory:

Hand Weapons
 t - a +2 dagger of freezing (weapon)
Armour
 o - a troll hide {Purgy}
 p - a +3 leather armour (worn)
 q - a +0 shield
 u - a +1 pair of gloves (worn)
Jewellery
 r - an amulet of harm (around neck)
 v - a cursed ring of flight (left hand)
Wands
 a - a wand of lightning (14/15)
 h - a wand of hasting (6/9)
 s - a wand of flame (28/48)
Scrolls
 e - 5 scrolls of remove curse
 l - 2 scrolls of blinking
 n - 4 scrolls of teleportation
 x - a scroll of fog
 y - a scroll of fear
 z - a scroll of recharging
 J - 2 scrolls of magic mapping
 K - 2 scrolls of brand weapon
 M - a scroll of identify
Potions
 i - 3 potions of resistance
 j - 7 potions of haste
 k - a potion of berserk rage
 m - a potion of lignification
 w - 3 potions of might {unknown}
 A - 4 potions of degeneration {unknown}
 B - 4 potions of flight {unknown}
 C - a potion of ambrosia
 E - a potion of agility
 F - a potion of cure mutation
 G - a potion of magic
 H - 2 potions of brilliance {unknown}
Books
 b - a book of Flames

   Spells                             Type                      Level
   a - Flame Tongue                   Conjuration/Fire             1
   b - Throw Flame                    Conjuration/Fire             2
   c - Conjure Flame                  Conjuration/Fire             3
   d - Inner Flame                    Hexes/Fire                   3
   e - Sticky Flame                   Conjuration/Fire             4
   f - Fireball                       Conjuration/Fire             5
Comestibles
 c - 6 bread rations
 d - 8 slices of pizza
 f - 2 meat rations
 g - 3 beef jerkies


   Skills:
 + Level 3.8(3.2) Fighting
 + Level 4.2(3.6) Short Blades
 + Level 3.4(2.8) Armour
 + Level 6.0(5.4) Dodging
 - Level 2.4(1.8) Stealth
 + Level 3.8(3.2) Shields
 * Level 11.1(10.3) Spellcasting
 + Level 6.2(5.6) Conjurations
 + Level 7.3(6.6) Fire Magic
 + Level 1.8(1.2) Evocations


You had 13 spell levels left.
You knew the following spells:

 Your Spells              Type           Power        Failure   Level  Hunger
a - Flame Tongue          Conj/Fire      #####        1%          1    None
b - Throw Flame           Conj/Fire      #####.       1%          2    None
c - Conjure Flame         Conj/Fire      #####...     1%          3    None
d - Inner Flame           Hex/Fire       ####....     8%          3    None
e - Sticky Flame          Conj/Fire      #####...     8%          4    None
f - Fireball              Conj/Fire      #####.....   17%         5    ####...


Dungeon Overview and Level Annotations

Branches:
Dungeon (9/15)             Temple (1/1) D:5
   Lair: D:8-11         Orc: D:9-12

Altars:
Ashenzari
Cheibriados
Dithmenos
Elyvilon
Fedhas
Gozag
Hepliaklqana
Kikubaaqudgha
Makhleb
Nemelex Xobeh
Okawaru
Qazlal
Ru
Sif Muna
Trog
Uskayaw
Vehumet
Xom
Yredelemnul
Zin
The Shining One

Shops:
D:4 *   D:7 (   D:8 }

Annotations:
D:4 CypherZel's ghost, novice DsAK


Innate Abilities, Weirdness & Mutations

You have a pair of small horns on your head.
You have a somewhat thin skeletal structure. (Dex +2, Stealth)
You tend to lose your temper in combat.
You can translocate small distances at will.
Your mind is acute. (Int +2)
Armour fits poorly on your strangely shaped body.
You are very frail. (-20% HP)


Message History

The yak burns!
Unknown command.
The yak burns!
The yak is engulfed in roaring flames.
You kill the yak!
Vehumet accepts your kill.
Your base Dodging skill increases to level 6!
Casting: Sticky Flame
Confirm with . or Enter, or press ? or * to list all spells.
Aiming: Conjure Flame
Press: ? - help, Dir - move target cursor The fire roars!
Casting: Conjure Flame
Confirm with . or Enter, or press ? or * to list all spells.
Aiming: Flame Tongue
Press: ? - help, Shift-Dir - straight line, f - yak
Aim: a yak (flame)
The flame tongue hits the yak.
The yak is moderately wounded.
The yak is engulfed in roaring flames. x2; The yak gores you!
You die...

#. #. .Y #. ...#######
########. .Y.......
......... ...Y....#
########. #ยง# #. #Y# #.
################@######
#######.
........................
........
........................
........
..............##########
######## .##...#####...#
# ..#....####...# #
#........##...######
#######
...#..#...#.........
.......
....................
.......


You could see a yak.

Vanquished Creatures
  Pikel (D:5)
  The ghost of Aquadorian the Basher, an amateur OgMo (Ossuary)
  Grinder (D:3)
  5 yaks
  A human (D:7)
  3 hogs (D:7)
  A water moccasin (D:5)
  Purgy (Sewer)
  3 slaves (D:5)
  2 sky beasts
  2 orc warriors
  An ice beast (D:5)
  A black bear (D:7)
  A necrophage (D:5)
  4 ogres
  3 phantoms
  3 centaurs
  Blork the orc (D:6)
  2 giant frogs
  A wyvern skeleton (D:9)
  5 killer bees (D:7)
  2 howler monkeys (D:7)
  3 crimson imps
  A giant frog zombie (D:7)
  A centaur zombie (D:7)
  4 jellies
  2 centaur skeletons
  2 orc priests
  2 giant frog skeletons
  3 hounds
  2 orc wizards (D:9)
  Ijyb (D:3)
  An iguana (D:6)
  5 worker ants
  A killer bee zombie (D:5)
  A big kobold zombie (Ossuary)
  A hound skeleton (D:7)
  8 mummies (Ossuary)
  8 gnolls
  13 adders
  A white imp (D:9)
  An adder zombie (D:8)
  An adder skeleton (D:8)
  2 dart slugs (D:3)
  2 worms (D:2)
  3 giant geckos
  24 orcs
  A ball python (Sewer)
  4 giant cockroaches
  A gnoll zombie (Ossuary)
  4 goblins
  8 hobgoblins
  23 jackals
  8 quokkas
  5 bats
  11 giant newts
  2 goblin zombies (D:7)
  3 hobgoblin zombies (Ossuary)
  7 kobolds
  A kobold zombie (Ossuary)
  2 orc zombies (Ossuary)
  A quokka skeleton (D:9)
  8 rats
227 creatures vanquished.

Vanquished Creatures (others)
  A slave (D:5)
  2 worker ants (D:5)
  A river rat (D:5)
  2 ball pythons (D:5)
  A rat (D:5)
7 creatures vanquished.

Grand Total: 234 creatures vanquished

Notes
Turn   | Place    | Note
-------+----------+-------------------------------------------
     0 | D:1      | Kidiri the Deep Elf Fire Elementalist began the quest for the Orb.
     0 | D:1      | Reached XP level 1. HP: 10/10 MP: 6/6
   262 | D:1      | Found a glowing golden altar of the Shining One.
   557 | D:2      | Reached XP level 2. HP: 15/15 MP: 2/8
   565 | D:1      | Learned a level 2 spell: Throw Flame
   763 | D:2      | Reached XP level 3. HP: 19/19 MP: 3/10
   768 | D:2      | Learned a level 3 spell: Conjure Flame
   772 | D:2      | Learned a level 3 spell: Inner Flame
   852 | D:2      | Reached skill level 4 in Spellcasting
  1317 | D:2      | Reached XP level 4. HP: 24/24 MP: 0/12
  1352 | D:1      | Reached skill level 5 in Spellcasting
  1548 | D:1      | Learned a level 4 spell: Sticky Flame
  2006 | D:3      | Noticed Grinder
  2011 | D:3      | Paralysed by Grinder for 3 turns
  2557 | D:3      | Killed Grinder
  2557 | D:3      | Reached skill level 6 in Spellcasting
  2557 | D:3      | Reached XP level 5. HP: 28/28 MP: 8/15
  2557 | D:3      | Reached XP level 6. HP: 32/32 MP: 9/17
  2805 | D:3      | Noticed Ijyb
  2815 | D:3      | Killed Ijyb
  2865 | D:3      | Learned a level 5 spell: Fireball
  3586 | D:4      | Noticed CypherZel's ghost (novice DsAK)
  3937 | D:4      | Reached skill level 5 in Fire Magic
  3959 | D:4      | Found a blossoming altar of Fedhas.
  3976 | D:4      | Reached skill level 1 in Short Blades
  4147 | D:4      | Reached skill level 1 in Fighting
  4147 | D:4      | Reached skill level 7 in Spellcasting
  4147 | D:4      | Reached XP level 7. HP: 38/38 MP: 12/19
  4331 | D:4      | Found Caewyuc's Assorted Antiques.
  4337 | D:4      | Bought a pair of gloves for 112 gold pieces
  4645 | D:5      | Entered Level 5 of the Dungeon
  4682 | D:5      | Found an opulent altar of Gozag.
  4686 | D:5      | Found a staircase to the Ecumenical Temple.
  4695 | Temple   | Entered the Ecumenical Temple
  4744 | D:5      | Noticed Pikel
  4751 | D:5      | Killed Pikel
  4751 | D:5      | Reached skill level 1 in Armour
  4751 | D:5      | Reached skill level 1 in Shields
  4751 | D:5      | Reached XP level 8. HP: 26/44 MP: 7/21
  4760 | D:5      | Reached skill level 8 in Spellcasting
  4794 | D:5      | Found a glowing drain.
  4803 | Sewer    | Entered a sewer
  5004 | Sewer    | Noticed Purgy
  5011 | Sewer    | Killed Purgy
  5775 | D:6      | Gained mutation: Your mind is acute. (Int +2) [mutagenic meat]
  5778 | D:6      | Gained mutation: You can translocate small distances at will. [mutagenic meat]
  5781 | D:6      | Gained mutation: You have a somewhat thin skeletal structure. (Dex +2, Stealth) [mutagenic meat]
  5784 | D:6      | Gained mutation: You are frail. (-10% HP) [mutagenic meat]
  5810 | D:6      | Found a snail-covered altar of Cheibriados.
  5816 | D:6      | Noticed Blork the orc
  5825 | D:6      | Killed Blork the orc
  5977 | D:6      | Reached skill level 9 in Spellcasting
  6768 | D:6      | Reached XP level 9. HP: 44/44 MP: 5/24
  7010 | D:6      | Reached skill level 5 in Conjurations
  7320 | D:7      | Found a sand-covered staircase.
  7340 | Ossuary  | Entered an ossuary
  7419 | Ossuary  | Noticed Aquadorian's ghost (amateur OgMo)
  7440 | Ossuary  | Killed Aquadorian's ghost
  7965 | D:7      | Gained mutation: You tend to lose your temper in combat. [potion of mutation]
  7965 | D:7      | Gained mutation: You have a pair of small horns on your head. [potion of mutation]
  7965 | D:7      | Gained mutation: You are very frail. (-20% HP) [potion of mutation]
  7987 | D:7      | Reached skill level 5 in Dodging
  8079 | D:7      | Reached skill level 10 in Spellcasting
  8396 | D:7      | Reached XP level 10. HP: 32/44 MP: 0/26
  8520 | D:7      | Found Kayffeq's Antique Weapon Shoppe.
  8803 | D:8      | Found a glowing silver altar of Zin.
  8864 | D:8      | Found Fuacheuf's Gadget Shoppe.
 10120 | D:9      | Reached skill level 1 in Evocations
 10306 | D:9      | Found a radiant altar of Vehumet.
 10311 | D:9      | Became a worshipper of Vehumet
 10315 | D:9      | Found a shimmering altar of Xom.
 10318 | D:9      | Found a sacrificial altar of Ru.
 10742 | D:9      | Gained mutation: Armour fits poorly on your strangely shaped body. [mutagenic meat]
 10953 | D:9      | Reached skill level 11 in Spellcasting
 10956 | D:9      | HP: 2/44 [yak (14)]
 10961 | D:9      | Demolished by a yak

Vault maps used:
D:1:      minmay_arrival_five_plusses, tso_metal_star
D:3:      first_bread, uniq_grinder, uniq_iyjb
D:4:      serial_shops, shop, grunt_decor_resistance,
          minmay_misc_feat_more_columns, fedhas_altar_3
D:5:      portal_sewer_entry_a, basic_altar, uniq_pikel
D:6:      basic_altar, uniq_blork_the_orc
D:7:      serial_shops, shop, enter_ossuary_4, grunt_livestock
D:8:      kennysheep_mini_moat, serial_shops, shop, serial_park_tiny_2
D:9:      grunt_temple_overflow_diamond, minmay_misc_feat_plants,
          minmay_fire_ice_demons
Temple:   lightli_temple_of_artemis
Sewer:    sewer_co_purgy_island
Ossuary:  ossuary_tomb_3

Skill      XL: |  1  2  3  4  5  6  7  8  9 10 |
---------------+-------------------------------+-----
Spellcasting   | 4 6 7 9 10 11 | 11.1
Conjurations   | 2 3 4 5 6 |  6.2
Fire Magic     | 4 5 6 7 |  7.3
Short Blades   | 1 2 3 4 |  4.2
Fighting       | 1 2 3 |  3.8
Armour         | 1 2 3 |  3.4
Dodging        | 3 4 5 6 |  6.0
Shields        | 1 2 3 |  3.8
Evocations     | 1 |  1.8
Stealth        | |  2.4

Action                   |  1- 3 |  4- 6 |  7- 9 | 10-12 || total
-------------------------+-------+-------+-------+-------++-------
Melee: Unarmed           |     1 |       |       |       ||     1
       Short sword       |     2 |    39 |       |       ||    41
       Dagger            |       |    18 |   268 |   109 ||   395
       Headbutt          |       |       |       |    15 ||    15
 Cast: Flame Tongue      |    37 |    73 |   194 |    53 ||   357
       Throw Flame       |    14 |     8 |    13 |     6 ||    41
       Conjure Flame     |     1 |     2 |     6 |     3 ||    12
       Inner Flame       |     1 |       |     4 |     1 ||     6
       Sticky Flame      |       |     5 |    22 |    10 ||    37
  Use: Scroll            |       |     9 |     8 |    11 ||    28
       Potion            |       |       |     3 |     1 ||     4
 Stab: Sleeping          |     1 |     1 |     6 |     7 ||    15
  Eat: Chunk             |     1 |     8 |    15 |     9 ||    33
       Fruit             |       |     3 |     3 |       ||     6
Armor: Robe              |     3 |       |       |       ||     3
       Leather armour    |       |    40 |    98 |    20 ||   158
Dodge: Dodged            |    11 |    85 |   237 |    78 ||   411
